 Dungeon Crawl Stone Soup version 0.30.0-29-ga12c61a403 (webtiles) character file.

Game seed: 16189503975552596627

21933 cdecastro the Severer (level 12, -7/109 (112) HPs)
             Began as a Hill Orc Fighter on June 9, 2023.
             Was a High Priest of Ashenzari.
             Mangled by a troll simulacrum (16 damage)
             ... animated by a necromancer
             ... on level 13 of the Dungeon.
             The game lasted 00:24:53 (10243 turns).

cdecastro the Severer (Hill Orc Fighter)           Turns: 10243, Time: 00:24:59

HP:   -7/109 (112)  AC: 21    Str: 24    XL:     12   Next: 95%
MP:   21/21         EV: 10    Int:  8    God:    Ashenzari [*****.]
Gold: 799           SH:  6    Dex: 10    Spells: 11/11 levels left

rFire   . . .        E - +5 broad axe (flame)
rCold   . . .        c - +0 buckler "Bound Vision" {Self, Evo} (curse)
rNeg    . . .        G - +0 plate armour of Ashenzari's Gnosis {Melee, Alch} (curse)
rPois   .            J - +0 helmet "Shackled With Me" {Fort, Comp} (curse)
rElec   .            M - +0 cloak "Chained Omen" {Melee, Evo} (curse)
rCorr   .            C - +0 pair of gloves "Enlightened Gnosis" {Bglg, Self} (curse)
SInv    +            u - +0 pair of boots "Cursed Secrets" {Range, Evo} (curse)
Will    .....        r - amulet of Apeoromancy {Regen+, Fort, Evo} (curse) Stlth
                     f - ring of Ashenzari's Paranoia {MP+9, Evo, Melee} (curse)
HPRegen 1.18/turn    b - ring of Ouranomancy {Fly, Comp, Melee} (curse)
MPRegen 0.17/turn

%: clarity
@: flying, lightly drained
A: no striking features
a: Renounce Religion, Curse Item, Shatter the Chains


You were on level 13 of the Dungeon.
You worshipped Ashenzari.
Ashenzari was extremely pleased with you.
You visited 2 branches of the dungeon, and saw 14 of its levels.

You collected 799 gold pieces.

Inventory:

Hand Weapons
 E - a +5 broad axe of flaming (weapon)
Missiles
 L - 3 atropa-tipped darts (quivered)
 N - 2 boomerangs
Armour
 c - the cursed +0 buckler "Bound Vision" (worn) {Self, Evo}

   It has a curse which improves the following skills: Introspection: Fighting
   and Spellcasting.
   Evocations: Evocations.
 u - the cursed +0 pair of boots "Cursed Secrets" (worn) {Range, Evo}
   (You found it on level 3 of the Dungeon)

   It has a curse which improves the following skills: Ranged Combat: Ranged
   Weapons and Throwing.
   Evocations: Evocations.
 C - the cursed +0 pair of gloves "Enlightened Gnosis" (worn) {Bglg, Self}
   (You found it on level 5 of the Dungeon)

   It has a curse which improves the following skills: Beguiling: Conjurations,
   Hexes and Translocations.
   Introspection: Fighting and Spellcasting.
 G - the cursed +0 plate armour of Ashenzari's Gnosis (worn) {Melee, Alch}
   (You took it off an orc warrior on level 6 of the Dungeon)

   It has a curse which improves the following skills: Melee Combat: Short
   Blades, Long Blades, Axes, Maces & Flails, Polearms, Staves and Unarmed
   Combat.
   Alchemy:   Poison Magic and Transmutations.
 J - the cursed +0 helmet "Shackled With Me" (worn) {Fort, Comp}
   (You found it on level 7 of the Dungeon)

   It has a curse which improves the following skills: Fortitude: Armour and
   Shields.
   Companions: Summonings and Necromancy.
 M - the cursed +0 cloak "Chained Omen" (worn) {Melee, Evo}
   (You took it off Maurice on level 8 of the Dungeon)

   It has a curse which improves the following skills: Melee Combat: Short
   Blades, Long Blades, Axes, Maces & Flails, Polearms, Staves and Unarmed
   Combat.
   Evocations: Evocations.
Jewellery
 a - a +6 ring of strength
 b - the cursed ring of Ouranomancy (right hand) {Fly, Comp, Melee}
   (You found it on level 6 of the Dungeon)

   [ring of flight]

   Fly:       It grants you flight.
   It has a curse which improves the following skills: Companions: Summonings
   and Necromancy.
   Melee Combat: Short Blades, Long Blades, Axes, Maces & Flails, Polearms,
   Staves and Unarmed Combat.
 f - the cursed ring of Ashenzari's Paranoia (left hand) {MP+9, Evo, Melee}
   (You found it on level 1 of the Dungeon)

   [ring of magical power]

   MP:        It affects your magic capacity (+9).
   It has a curse which improves the following skills: Evocations: Evocations.
   Melee Combat: Short Blades, Long Blades, Axes, Maces & Flails, Polearms,
   Staves and Unarmed Combat.
 r - the cursed amulet of Apeoromancy (around neck) {Regen+, Fort, Evo}
   (You found it on level 2 of the Dungeon)

   [amulet of regeneration]

   Regen:     It increases your rate of health regeneration.
   It has a curse which improves the following skills: Fortitude: Armour and
   Shields.
   Evocations: Evocations.
 s - an amulet of regeneration
 B - a ring of wizardry
 H - a ring of magical power
 Q - a +6 ring of strength
 R - an amulet of magic regeneration
 W - a ring of willpower
Wands
 n - a wand of iceblast (16)
 w - a wand of digging (4)
 y - a wand of flame (39)
 A - a wand of paralysis (8)
 I - a wand of polymorph (10)
 Z - a wand of mindburst (6)
Scrolls
 h - 6 scrolls of silence
 i - a scroll of vulnerability
 l - 4 scrolls of amnesia
 m - 2 scrolls of butterflies
 o - 3 scrolls of teleportation
 p - 2 scrolls of fog
 q - 2 scrolls of fear
 x - 6 scrolls of enchant armour
 D - a scroll of magic mapping
 P - a scroll of torment
 S - a scroll of immolation
 T - 2 scrolls of acquirement
 U - 4 scrolls of blinking
 V - 3 scrolls of poison
Potions
 d - a potion of might
 e - 2 potions of cancellation
 g - 4 potions of flight
 j - a potion of ambrosia
 k - 3 potions of lignification
 t - 7 potions of curing
 v - a potion of resistance
 z - 4 potions of heal wounds
 F - 2 potions of attraction
 K - a potion of haste
 O - 3 potions of mutation
 Y - a potion of magic


   Skills:
 - Level 9.1(12.3) Fighting
 - Level 15.6(20.5) Axes
 - Level 8.4(11.6) Armour
 - Level 10.0 Dodging
 - Level 6.8(10.0) Shields
 + Level 8.3(14.1) Evocations


You had 11 spell levels left.
You didn't know any spells.
Your spell library contained the following spells:

 Spells                   Type           Power      Damage    Failure   Level
 Call Canine Familiar     Summ           0%         N/A       100%        3
 Ozocubu's Armour         Ice            0%         N/A       100%        3
 Portal Projectile        Hex/Tloc       0%         N/A       100%        3
 Volatile Blastmotes      Fire/Tloc      0%         2d10      100%        3
 Cause Fear               Hex            0%         N/A       100%        4
 Fulminant Prism          Conj/Hex       0%         3d5       100%        4
 Iskenderun's Mystic Bla  Conj/Tloc      0%         2d3       100%        4
 Leda's Liquefaction      Hex/Erth       0%         N/A       100%        4
 Lee's Rapid Deconstruct  Erth           0%         3d4*      100%        5
 Dragon Form              Tmut           0%         N/A       100%        7
 Ozocubu's Refrigeration  Ice            0%         4d7       100%        7
 Dragon's Call            Summ           0%         N/A       100%        9


Dungeon Overview and Level Annotations

Branches:
Dungeon (13/15)            Temple (1/1) D:6            Lair (0/5) D:11
    Orc (0/2) D:10         Vaults (0/5) D:13

Altars:
Ashenzari
Cheibriados
Dithmenos
Elyvilon
Fedhas
Gozag
Hepliaklqana
Kikubaaqudgha
Makhleb
Nemelex Xobeh
Okawaru
Qazlal
Ru
Sif Muna
Trog
Uskayaw
Vehumet
Wu Jian
Xom
Yredelemnul
Zin
The Shining One

Shops:
D:4 =   D:10 (

Portals:
Trove: D:12 (give +8 demon whip)

Annotations:
D:9 Erolcha
D:10 vault need rf


Message History

You completely miss the troll.
The troll is lightly wounded.
You slash the troll! You burn the troll.
The troll is moderately wounded.
The troll bites you!
* * * LOW HITPOINT WARNING * * *
The troll claws you.
* * * LOW HITPOINT WARNING * * *
The troll closely misses you.
You hit the troll. You burn the troll.
The troll is moderately wounded.
You block the troll's attack. x2; The troll claws you.
* * * LOW HITPOINT WARNING * * *
Unknown command.
You slice the troll!! You burn the troll.
You kill the troll!
Unknown command.
A troll simulacrum comes into view.
The necromancer hits you but does no damage.
There is an open door, spattered with blood here.
Unknown command.
You slash the necromancer! You burn the necromancer.
The necromancer is moderately wounded.
The necromancer gestures at you while chanting.
The bolt of negative energy hits you!
You feel drained.
* * * LOW HITPOINT WARNING * * *
Unknown command.
You closely miss the necromancer.
The necromancer is moderately wounded.
You slash the troll simulacrum!
You melt the troll simulacrum.
The necromancer casts a spell.
The necromancer binds the souls of nearby monsters.
The troll simulacrum bites you.
* * * LOW HITPOINT WARNING * * *
The troll simulacrum freezes you!
* * * LOW HITPOINT WARNING * * *
The troll simulacrum claws you.
* * * LOW HITPOINT WARNING * * *
The troll simulacrum freezes you!
You die...

#....# #...........#
#.#......... #..).#
#.....####### #..........?
#....#
#.....#########...........
#....#
#.....'.........####.#####
#....# #....##########.#
#.##### #....#
#....#.......##.# #......
#....#
#....#...∩...#..####.#####
#....#
#....#...pZ..#....)....#
#....#
###'#####@#####.####.#.###
#....# #.#.........#.#
#....). #....#
#.............# ###.###
#....# #...........###
#.....# ######
#.########'## #.#.#.# #.#
, , #..# #.#.#.#
#.##+####..# #.#.#.#
#.##....'..# #.#.#.#
#.#####.#### #.#...#


You could see a necromancer and a troll simulacrum.

Vanquished Creatures
  Snorg (D:11)
  2 centaur warriors (D:13)
  4 two-headed ogres
  A tengu warrior (D:13)
  3 skeletal warriors (D:12)
  A glowing orange brain (D:13)
  Pikel (D:6)
  A deep elf pyromancer (D:13)
  A necromancer (D:9)
  2 ugly things
  2 cyclopes
  Maurice (D:8)
  Maggie (D:6)
  A gargoyle (D:12)
  A kobold demonologist (D:11)
  6 trolls
  2 hornets
  Grinder (D:4)
  2 shadows
  Sigmund (D:6)
  8 slime creatures
  A spriggan (D:12)
  9 yaks
  6 vampire mosquitoes
  2 acid dragons (D:10)
  8 water moccasins
  2 orc warriors
  2 black bears
  An ice beast (D:4)
  3 ogres
  14 centaurs
  A phantom (D:7)
  3 lemures (D:6)
  A kobold brigand (D:11)
  3 bullfrogs (D:11)
  A gnoll sergeant (D:9)
  3 scorpions
  4 wights (D:9)
  13 killer bees
  6 howler monkeys
  3 hounds
  2 jellies
  3 orc priests
  A sleepcap (D:7)
  4 iguanas
  10 orc wizards
  7 gnolls
  9 adders
  A shadow imp (D:8)
  An ufetubus (D:6)
  3 worms
  29 orcs
  4 endoplasms
  2 giant cockroaches
  7 goblins
  7 hobgoblins
  11 kobolds
  A quokka (D:3)
  5 ball pythons
  5 bats
  2 frilled lizards
  4 rats
247 creatures vanquished.

Notes
Turn   | Place    | Note
-------+----------+-------------------------------------------
     0 | D:1      | cdecastro the Hill Orc Fighter began the quest for the Orb.
     0 | D:1      | Reached XP level 1. HP: 19/19 MP: 1/1
   106 | D:1      | Reached skill level 3 in Axes
   320 | D:1      | Found a faded altar of an unknown god.
   356 | D:1      | Prayed at the altar of an unknown god.
   356 | D:1      | Became a worshipper of Ashenzari the Shackled
   468 | D:1      | Reached XP level 2. HP: 22/26 MP: 2/2
   860 | D:2      | Reached skill level 4 in Axes
  1037 | D:2      | Reached XP level 3. HP: 27/31 MP: 3/3
  1109 | D:2      | Reached skill level 5 in Axes
  1380 | D:3      | Reached XP level 4. HP: 39/39 MP: 4/4
  1545 | D:3      | Reached skill level 6 in Axes
  1550 | D:3      | Reached * piety under Ashenzari
  1894 | D:3      | Reached skill level 15 in Axes
  1894 | D:3      | Reached XP level 5. HP: 45/45 MP: 5/5
  1982 | D:3      | Reached ** piety under Ashenzari
  2064 | D:4      | Noticed Grinder
  2064 | D:4      | Found Wuggoul's Jewellery Emporium.
  2083 | D:4      | Killed Grinder
  2084 | D:4      | Reached XP level 6. HP: 57/57 MP: 6/6
  2175 | D:4      | Reached skill level 5 in Fighting
  2263 | D:4      | Found a broken altar of Ashenzari.
  2263 | D:4      | Found a hide-covered altar of Uskayaw.
  2264 | D:4      | Found a stormy altar of Qazlal.
  2265 | D:4      | Found a sacrificial altar of Ru.
  2266 | D:4      | Found an ancient bone altar of Kikubaaqudgha.
  2266 | D:4      | Found a burning altar of Makhleb.
  2266 | D:4      | Found a hazy altar of Hepliaklqana.
  2268 | D:4      | Found an ornate altar of the Wu Jian Council.
  2268 | D:4      | Found an opulent altar of Gozag.
  2269 | D:4      | Found a bloodstained altar of Trog.
  2313 | D:4      | Noticed an ice beast
  2319 | D:4      | Killed an ice beast
  2320 | D:4      | Reached XP level 7. HP: 64/64 MP: 7/7
  2615 | D:4      | Found a glowing golden altar of the Shining One.
  2841 | D:5      | Entered Level 5 of the Dungeon
  2894 | D:5      | Reached XP level 8. HP: 61/75 MP: 8/8
  3565 | D:6      | Noticed Sigmund
  3577 | D:6      | Killed Sigmund
  3677 | D:6      | Reached skill level 1 in Evocations
  3707 | D:6      | Reached XP level 9. HP: 71/85 MP: 9/9
  3711 | D:6      | Reached *** piety under Ashenzari
  3953 | D:6      | Noticed Maggie
  3968 | D:6      | Killed Maggie
  4134 | D:6      | Reached skill level 5 in Armour
  4163 | D:6      | Noticed Pikel
  4172 | D:6      | Killed Pikel
  4179 | D:6      | Reached **** piety under Ashenzari
  4310 | D:6      | Found a staircase to the Ecumenical Temple.
  4331 | Temple   | Entered the Ecumenical Temple
  4598 | D:7      | Found an iron altar of Okawaru.
  4988 | D:7      | Noticed a troll
  4995 | D:7      | Killed a troll
  4996 | D:7      | Reached XP level 10. HP: 90/97 MP: 10/10
  5161 | D:7      | Reached skill level 1 in Dodging
  5306 | D:8      | Found a blossoming altar of Fedhas.
  5331 | D:8      | Noticed Maurice
  5346 | D:8      | Killed Maurice
  5512 | D:8      | Found a shimmering altar of Xom.
  5712 | D:8      | Reached ***** piety under Ashenzari
  5809 | D:9      | Noticed Erolcha
  5879 | D:9      | Reached skill level 5 in Dodging
  6013 | D:9      | Identified a scroll of acquirement
  6015 | D:9      | Noticed a necromancer
  6021 | D:9      | Killed a necromancer
  6218 | D:9      | Reached XP level 11. HP: 104/104 MP: 11/11
  6260 | D:10     | Entered Level 10 of the Dungeon
  6522 | D:10     | Paralysed by a hornet for 1 turns
  6629 | D:10     | Found a staircase to the Orcish Mines.
  6657 | D:10     | Found Poitigg's Weapon Shop.
  6743 | D:10     | Noticed a cyclops
  6764 | D:10     | Killed a cyclops
  7029 | D:10     | Found a shadowy altar of Dithmenos.
  7652 | D:11     | Noticed a two-headed ogre
  7658 | D:11     | Killed a two-headed ogre
  7711 | D:11     | Noticed Snorg
  7722 | D:11     | Killed Snorg
  7888 | D:11     | Noticed a green ugly thing
  7906 | D:11     | Killed a green ugly thing
  7930 | D:11     | Found a staircase to the Lair.
  8260 | D:12     | Noticed a two-headed ogre
  8269 | D:12     | Killed a two-headed ogre
  8270 | D:12     | Reached XP level 12. HP: 87/112 MP: 12/12
  8409 | D:12     | Reached skill level 10 in Dodging
  8637 | D:12     | Found a portal to a secret trove of treasure.
  8715 | D:12     | Reached skill level 5 in Shields
  9413 | D:13     | Noticed a tengu warrior
  9438 | D:13     | Killed a tengu warrior
  9504 | D:13     | Noticed a centaur warrior
  9512 | D:13     | Reached skill level 5 in Evocations
  9512 | D:13     | Killed a centaur warrior
  9601 | D:13     | Noticed a centaur warrior
  9618 | D:13     | Killed a centaur warrior
 10077 | D:13     | Noticed a two-headed ogre
 10077 | D:13     | Noticed a two-headed ogre
 10093 | D:13     | Killed a two-headed ogre
 10095 | D:13     | Killed a two-headed ogre
 10229 | D:13     | Found a gate to the Vaults.
 10229 | D:13     | Noticed a boulder beetle
 10230 | D:13     | a boulder beetle changed into a glowing orange brain
 10243 | D:13     | Mangled by a troll simulacrum

Illustrated notes

Levels and vault maps discovered:
D:1:      minmay_arrival_arboretum_small, layout_loops_ring,
          shapermc_ecumenical_altar_mp_highgroup
D:2:      layout_basic
D:3:      layout_basic, columned_hall_lemuel
D:4:      layout_loops_ring, nicolae_overflows_in_rows,
          nicolae_tso_swordbearing_angel, serial_shops, shop_fountains,
          uniq_grinder
D:5:      layout_basic, corexii_shack
D:6:      layout_loops_ring, lemuel_temple_firewalk_b, uniq_maggie,
          uniq_sigmund, uniq_pikel
D:7:      layout_rooms, mainiacjoe_overflow_brackets, kennysheep_another_room,
          minmay_fractal_squares_gapless_5
D:8:      layout_basic, lemuel_coloured_pillars_altar, lemuel_crystal_altar,
          uniq_maurice
D:9:      layout_grid_maze, grunt_decor_mini_mirrors, minmay_librarian,
          uniq_erolcha
D:10:     layout_basic, kennysheep_mini_moat, orc_david_3,
          kennysheep_small_spiral, lemuel_flame_loot_1
D:11:     layout_irregular_city, due_lair_maze_entry_diamond,
          patterned_corridor, uniq_snorg
D:12:     layout_basic, trove_entry_hex_spiral, the_hattery
D:13:     layout_basic, david_vaults_1
Temple:   nicolae_temple_bog_church

Skill      XL: |  1  2  3  4  5  6  7  8  9 10 11 12 |
---------------+-------------------------------------+-----
Axes           | 3 4 5 15 | 15.6
Fighting       | 4 5 7 9 |  9.1
Evocations     | 2 8 |  8.3
Armour         | 7 8 |  8.4
Dodging        | 5 9 10 | 10.0
Shields        | 6 |  6.8

Action                     |  1- 3 |  4- 6 |  7- 9 | 10-12 || total
---------------------------+-------+-------+-------+-------++-------
  Melee: War axe           |   106 |    82 |   177 |       ||   365
         Broad axe         |       |       |    71 |   405 ||   476
 Invoke: Curse Item        |     1 |     2 |     4 |     2 ||     9
  Evoke: Wand              |       |       |       |     1 ||     1
    Use: Potion            |       |     1 |       |     1 ||     2
         Scroll            |       |       |     2 |     2 ||     4
 Armour: Scale mail        |    13 |       |    36 |       ||    49
         Chain mail        |    47 |    47 |    23 |       ||   117
         Plate armour      |       |       |    23 |   204 ||   227
  Dodge: Dodged            |    55 |    21 |    54 |   144 ||   274
  Block: Buckler           |    30 |    17 |    29 |    73 ||   149
